 Dungeon Crawl Stone Soup version 0.29.1-15-g9cfb28693d (webtiles) character file.

Game seed: 18166250785470385603

1307 BabyfaceFinlayson the Ogre Mage (level 8, -1/75 HPs)
             Began as an Ogre Fire Elementalist on Feb 24, 2023.
             Was a Follower of Sif Muna.
             Slain by a scorpion (5 damage)
             ... on level 7 of the Dungeon.
             The game lasted 00:21:39 (7893 turns).

BabyfaceFinlayson the Ogre Mage (OgFE)              Turns: 7893, Time: 00:21:41

Health: -1/75      AC:  3    Str: 15    XL:     8   Next: 57%
Magic:  1/18       EV: 10    Int: 16    God:    Sif Muna [*.....]
Gold:   263        SH:  0    Dex:  9    Spells: 6/21 levels left

rFire   . . .      SeeInvis .   k - staff of death
rCold   . . .      Faith    .   (no shield)
rNeg    + . .      Spirit   .   a - +0 robe
rPois   .          Reflect  .   (helmet restricted)
rElec   .          Harm     .   (no cloak)
rCorr   +          Rampage  .   (gloves unavailable)
Will    .....                   (boots unavailable)
Stlth   ++........              (no amulet)
HPRegen 0.22/turn               c - ring of resist corrosion
MPRegen 0.16/turn               (no ring)

@: lethally poisoned (-1 -> -14), hasted (expiring), very quick
A: large, unfitting armour, tough skin 1
a: Renounce Religion, Channel Magic


You were on level 7 of the Dungeon.
You worshipped Sif Muna.
Sif Muna was aware of your devotion.
You visited 2 branches of the dungeon, and saw 8 of its levels.
You also visited: Sewer.

You collected 263 gold pieces.

Inventory:

Armour
 a - a +0 robe (worn)
Magical Staves
 k - a staff of death (weapon)
 t - a staff of cold
Jewellery
 c - a ring of resist corrosion (left hand)
Wands
 j - a wand of digging (3)
Scrolls
 g - 4 scrolls of fear
 l - 2 scrolls of enchant armour
 n - a scroll of butterflies
 u - a scroll of enchant weapon
Potions
 b - a potion of magic
 d - 2 potions of haste
 e - a potion of brilliance {unknown}
 f - 5 potions of might {unknown}
 h - a potion of attraction {unknown}
 m - a potion of experience {unknown}
 o - 3 potions of curing {unknown}
 p - a potion of degeneration {unknown}
 q - a potion of heal wounds {unknown}
 r - a potion of mutation {unknown}
 s - a potion of lignification


   Skills:
 + Level 3.4 Fighting
 + Level 1.6 Staves
 + Level 2.4 Dodging
 + Level 1.9 Stealth
 + Level 0.7 Unarmed Combat
 + Level 7.0 Spellcasting
 + Level 2.4 Conjurations
 + Level 6.2 Fire Magic


You had 6 spell levels left.
You knew the following spells:

 Your Spells              Type           Power      Damage    Failure   Level
a - Foxfire               Conj/Fire      76%        2x1d7     1%          1
b - Scorch                Fire           50%        2d7       1%          2
c - Ensorcelled Hibernat  Hex/Ice        10%        N/A       19%         2
d - Conjure Flame         Conj/Fire      19%        6-21      6%          3
e - Inner Flame           Hex/Fire       15%        N/A       11%         3
f - Flame Wave            Conj/Fire      19%        2d7       21%         4

Your spell library contained the following spells:

 Spells                   Type           Power      Damage    Failure   Level
 Sting                    Tmut/Pois      20%        1d4       12%         1
 Summon Small Mammal      Summ           20%        N/A       12%         1
 Poisonous Vapours        Pois/Air       10%        N/A       19%         2
 Call Canine Familiar     Summ           5%         N/A       36%         3
 Spider Form              Tmut/Pois      5%         N/A       36%         3
 Summon Guardian Golem    Hex/Summ       5%         N/A       36%         3
 Anguish                  Hex/Necr       4%         N/A       77%         4
 Cause Fear               Hex            2%         N/A       77%         4
 Olgreb's Toxic Radiance  Pois           5%         N/A       77%         4
 Discord                  Hex            2%         N/A       100%        8


Dungeon Overview and Level Annotations

Branches:
Dungeon (7/15)             Temple (1/1) D:5           Sewer (visited)

Altars:
Gozag
Hepliaklqana
Kikubaaqudgha
Makhleb
Nemelex Xobeh
Okawaru
Qazlal
Ru
Sif Muna
Uskayaw
The Shining One


Innate Abilities, Weirdness & Mutations

You are too large for most types of armour.
You have tough skin. (AC +1)


Message History

You don't have enough magic to cast this spell.
Casting: Scorch (safe; 1% risk of failure)
Confirm with . or Enter, or press ? or * to list all spells.
You don't have enough magic to cast this spell.
Unknown command.
Casting: Scorch (safe; 1% risk of failure)
Confirm with . or Enter, or press ? or * to list all spells.
You don't have enough magic to cast this spell.
Casting: Scorch (safe; 1% risk of failure)
Confirm with . or Enter, or press ? or * to list all spells.
You don't have enough magic to cast this spell.
You barely miss the scorpion.
The scorpion is moderately wounded.
The scorpion stings you.
* * * LOW HITPOINT WARNING * * *
You are poisoned.
The scorpion poisons you!
You closely miss the scorpion.
The scorpion is moderately wounded.
You feel sick. The scorpion barely misses you.
You hit the scorpion.
The scorpion is heavily wounded.
You feel sick. The scorpion stings you.
* * * LOW HITPOINT WARNING * * *
You are lethally poisoned!
The scorpion poisons you!
You hit the scorpion.
The scorpion is severely wounded.
Your extra speed is starting to run out.
* * * LOW HITPOINT WARNING * * *
You feel very sick. The scorpion stings you.
* * * LOW HITPOINT WARNING * * *
You hit the scorpion.
The scorpion is almost dead.
* * * LOW HITPOINT WARNING * * *
You feel very sick.
The scorpion is no longer more vulnerable to fire.
The scorpion stings you.
You die...

### #.. #.#
... #.# #.#
#.# #@#
#s###
#...###.##.
###g.......
#.###.###
#.###.###.#
#....s....#
#####.#####
#.#


You could see a scorpion and a gnoll.

Vanquished Creatures
  Grinder (D:5)
  A black bear (D:5)
  2 phantoms (D:6)
  A kobold brigand (Sewer)
  2 scorpions (D:4)
  2 necrophages (D:6)
  4 hounds
  A jelly (D:7)
  An orc priest (D:6)
  An iguana (D:6)
  4 orc wizards (D:6)
  9 adders
  4 river rats (Sewer)
  A shadow imp (D:5)
  An ufetubus (D:6)
  3 worms
  3 dart slugs
  11 orcs
  8 ball pythons
  4 bats
  5 endoplasms
  2 giant cockroaches (D:2)
  6 goblins
  7 hobgoblins
  10 jackals
  6 quokkas
  5 frilled lizards
  5 kobolds
  14 rats
124 creatures vanquished.

Vanquished Creatures (collateral kills)
  2 foxfires (Sewer)
2 creatures vanquished.

Vanquished Creatures (others)
  An adder (D:5)
  152 foxfires
  6 plants (Sewer)
159 creatures vanquished.

Grand Total: 285 creatures vanquished

Notes
Turn   | Place    | Note
-------+----------+-------------------------------------------
     0 | D:1      | BabyfaceFinlayson the Ogre Fire Elementalist began the
                  | quest for the Orb.
     0 | D:1      | Reached XP level 1. HP: 16/16 MP: 3/3
   147 | D:1      | Found a faded altar of an unknown god.
   189 | D:1      | Reached XP level 2. HP: 20/24 MP: 1/5
   209 | D:1      | Learned a level 2 spell: Scorch
   212 | D:1      | Learned a level 2 spell: Ensorcelled Hibernation
   897 | D:2      | Reached skill level 3 in Spellcasting
   899 | D:2      | Reached XP level 3. HP: 30/31 MP: 3/7
   905 | D:2      | Learned a level 3 spell: Conjure Flame
   966 | D:2      | Reached skill level 1 in Conjurations
  1735 | D:2      | Identified the +5 mace of Melee {vorpal, rF+ SInv}
  2295 | D:3      | Reached XP level 4. HP: 38/39 MP: 9/9
  2769 | D:4      | Found a glowing drain.
  2773 | Sewer    | Entered a sewer
  2901 | Sewer    | Noticed a kobold brigand
  2916 | Sewer    | Killed a kobold brigand
  2917 | Sewer    | Reached skill level 4 in Spellcasting
  2917 | Sewer    | Reached XP level 5. HP: 27/46 MP: 0/11
  3438 | Sewer    | Reached skill level 1 in Fighting
  3463 | Sewer    | Reached XP level 6. HP: 55/55 MP: 9/12
  4306 | D:4      | Found a sparkling altar of Nemelex Xobeh.
  4306 | D:4      | Found an opulent altar of Gozag.
  4838 | D:4      | Reached skill level 5 in Spellcasting
  4838 | D:4      | Reached skill level 5 in Fire Magic
  4838 | D:4      | Reached XP level 7. HP: 40/62 MP: 7/14
  5075 | D:4      | Learned a level 3 spell: Inner Flame
  5080 | D:4      | Learned a level 4 spell: Flame Wave
  5125 | D:5      | Entered Level 5 of the Dungeon
  5457 | D:5      | Noticed Grinder
  5460 | D:5      | Found a hazy altar of Hepliaklqana.
  5462 | D:5      | Paralysed by Grinder for 4 turns
  5473 | D:5      | Paralysed by Grinder for 5 turns
  5474 | D:5      | Killed Grinder
  5475 | D:5      | Reached skill level 1 in Staves
  5769 | D:5      | Found a staircase to the Ecumenical Temple.
  5778 | Temple   | Entered the Ecumenical Temple
  5870 | Temple   | Became a worshipper of Sif Muna the Loreminder
  6723 | D:6      | Reached skill level 6 in Spellcasting
  6723 | D:6      | Reached XP level 8. HP: 75/75 MP: 3/17
  7516 | D:6      | Reached * piety under Sif Muna
  7606 | D:6      | Reached skill level 7 in Spellcasting
  7893 | D:7      | Slain by a scorpion

Illustrated notes

Levels and vault maps discovered:
D:1:      ebering_trefoil_twist, layout_basic,
          dreamdust_ecumenical_altar_angels_and_demons
D:2:      layout_basic, nicolae_underground_beach
D:3:      layout_basic, minmay_misc_feat_ornament
D:4:      layout_loops_ring, grunt_temple_overflow_opulence,
          gup_sewer_entry_bowl
D:5:      layout_loops_cross, nicolae_hepliaklqana_hazy_memory,
          lemuel_temple_firewalk_a, uniq_grinder
D:6:      layout_loops_cross, amcnicky_mini_rare_corridor_liquid
D:7:      layout_loops_ring, uniq_joseph
Temple:   nicolae_temple_slightly_damp_pantheon

Skill      XL: |  1  2  3  4  5  6  7  8 |
---------------+-------------------------+-----
Fire Magic     | 3 4 5 6 |  6.2
Spellcasting   | 3 4 5 6 7 |  7.0
Conjurations   | 1 2 |  2.4
Dodging        | 2 |  2.4
Fighting       | 1 3 |  3.4
Staves         | 1 |  1.6
Stealth        | |  1.9
Unarmed Combat | |  0.7

Action                   |  1- 3 |  4- 6 |  7- 9 || total
-------------------------+-------+-------+-------++-------
Melee: Unarmed           |     4 |       |       ||     4
       Staff             |     2 |    31 |    38 ||    71
 Cast: Foxfire           |    49 |    27 |    17 ||    93
       Scorch            |    17 |    42 |    60 ||   119
       Ensorcelled Hiber |     1 |       |     1 ||     2
       Conjure Flame     |       |       |     3 ||     3
       Inner Flame       |       |       |     1 ||     1
  Use: Scroll            |     5 |     4 |     2 ||    11
       Potion            |       |       |     2 ||     2
 Stab: Sleeping          |       |     1 |       ||     1
Armor: Robe              |    18 |    13 |    16 ||    47
Dodge: Dodged            |    16 |    32 |    30 ||    78
